 Dungeon Crawl Stone Soup version 0.27.1-33-g824d729ab1 (webtiles) character file.

Game seed: 13630358965548045222

6317 pkoi the Martial Artist (level 10, -11/79 HPs)
             Began as a Purple Draconian Monk on Dec 28, 2021.
             Was an Elder of the Shining One.
             Shot with an arrow by a centaur warrior (16 damage)
             ... on level 9 of the Dungeon.
             The game lasted 00:14:52 (10936 turns).

pkoi the Martial Artist (Purple Draconian Monk)    Turns: 10936, Time: 00:14:53

Health: -11/79     AC:  8    Str: 17    XL:     10   Next: 64%
Magic:  13/13      EV: 16    Int: 13    God:    the Shining One [****..]
Gold:   501        SH:  0    Dex: 17    Spells: 6/13 levels left

rFire    . . .     SeeInvis .   s - +6 flail of Subjectivity {venom, Will+ Str+3 Dex+3}
rCold    . . .     Faith    .   (no shield)
rNeg     + + .     Spirit   .   (armour unavailable)
rPois    .         Reflect  .   (helmet restricted)
rElec    .         Harm     .   (no cloak)
rCorr    .         Rampage  .   c - +0 pair of gloves
Will     ++...                  (no boots)
Stlth    +.........             h - amulet of the acrobat
HPRegen  0.23/turn              (no ring)
MPRegen  0.13/turn              (no ring)

@: about to teleport, frozen, glowing, studying Short Blades, very slow
A: breathe power, AC +7, unfitting armour, cold-blooded
a: Breathe Dispelling Energy, Renounce Religion, Divine Shield, Cleansing Flame


You were on level 9 of the Dungeon.
You worshipped the Shining One.
The Shining One was greatly pleased with you.
You visited 2 branches of the dungeon, and saw 10 of its levels.

You collected 501 gold pieces.

Inventory:

Hand Weapons
 b - the +8 hunting sling of Eternity {freeze, rCorr Str+8 Int+4}
   (You found it on level 6 of the Dungeon)

   Any ammunition fired from it freezes those it strikes, dealing additional
   cold damage.
   It can also slow down cold-blooded creatures.
   Str:       It affects your strength (+8).
   Int:       It affects your intelligence (+4).
   rCorr:     It protects you from acid and corrosion.
 s - the +6 flail of Subjectivity (weapon) {venom, Will+ Str+3 Dex+3}
   (You found it on level 7 of the Dungeon)

   It poisons the flesh of those it strikes.
   Str:       It affects your strength (+3).
   Dex:       It affects your dexterity (+3).
   Will:      It increases your willpower.
Missiles
 f - 45 sling bullets
 i - 4 javelins (quivered)
 k - 4 boomerangs
 q - 22 poisoned darts
 r - a curare-tipped dart
 u - 3 throwing nets
Armour
 c - a +0 pair of gloves (worn)
Jewellery
 h - an amulet of the acrobat (around neck)
 p - the ring of Spite {Ice Dex+3 Stlth+}
   (You found it on level 7 of the Dungeon)

   [ring of ice]

   It enhances your ice magic.
   Dex:       It affects your dexterity (+3).
   rF:        It makes you vulnerable to fire.
   rC:        It protects you from cold.
   Stlth:     It makes you more stealthy.
Wands
 t - a wand of polymorph (6)
Scrolls
 d - a scroll of fog
 e - 2 scrolls of silence
 g - 7 scrolls of identify
 l - 2 scrolls of blinking
 n - a scroll of fear
 x - a scroll of enchant weapon {unknown}
Potions
 j - a potion of might
 m - a potion of curing
 o - 2 potions of lignification
 v - a potion of haste {unknown}


   Skills:
 - Level 4.2 Fighting
 - Level 7.9 Dodging
 - Level 1.7 Stealth
 + Level 13.0 Unarmed Combat
 - Level 2.4 Spellcasting
 + Level 2.1 Translocations
 + Level 2.1 Air Magic
 - Level 0.8 Evocations


You had 6 spell levels left.
You knew the following spells:

 Your Spells              Type           Power      Damage    Failure   Level
a - Apportation           Tloc           14%        N/A       11%         1
b - Blink                 Tloc           N/A        N/A       16%         2
c - Airstrike             Air            3%         N/A       71%         4

Your spell library contained the following spells:

 Spells                   Type           Power      Damage    Failure   Level
 Shock                    Conj/Air       16%        1d4       16%         1
 Animate Skeleton         Necr           2%         N/A       24%         1
 Corona                   Hex            1%         N/A       24%         1
 Summon Small Mammal      Summ           4%         N/A       24%         1
 Lesser Beckoning         Tloc           3%         N/A       30%         3
 Swiftness                Air            7%         N/A       30%         3
 Portal Projectile        Hex/Tloc       8%         N/A       43%         3
 Summon Lightning Spire   Summ/Air       4%         N/A       85%         4
 Manifold Assault         Tloc           7%         N/A       96%         5
 Lightning Bolt           Conj/Air       2%         1d13      99%         5
 Blade Hands              Tmut           0%         N/A       100%        5
 Excruciating Wounds      Necr           0%         N/A       100%        5
 Storm Form               Tmut/Air       2%         N/A       100%        7


Dungeon Overview and Level Annotations

Branches:
Dungeon (9/15)             Temple (1/1) D:4
   Lair: D:8-11         Orc: D:9-12

Altars:
Ashenzari
Cheibriados
Elyvilon
Fedhas
Gozag
Hepliaklqana
Makhleb
Nemelex Xobeh
Okawaru
Qazlal
Ru
Sif Muna
Trog
Uskayaw
Vehumet
Wu Jian
Xom
Zin
The Shining One

Shops:
D:9 *


Innate Abilities, Weirdness & Mutations

You can breathe bolts of dispelling energy.
Your rich purple scales are hard. (AC +7)
You cannot fit into any form of body armour.
You are cold-blooded and may be slowed by cold attacks.


Message History

A rime drake and a cyclops come into view.
Found a manual of Short Blades and a book of Pain.
The cyclops shouts!
The rime drake hisses angrily.
You hear a shout!
The cyclops throws a large rock.
The large rock hits you!! The rime drake breathes ice at you.
The flash freeze misses you.
There are monsters nearby!
The rime drake completely misses you.
A vampire mosquito comes into view.
The rime drake completely misses you.
The vampire mosquito moves out of view.
Things that are here:
a manual of Short Blades; a book of Air You pick up a book of Air and begin reading...
You add the spells Shock and Swiftness to your library.
You pick up a manual of Short Blades and begin studying.
The rime drake completely misses you.
A centaur warrior comes into view.
Unknown command.
The centaur warrior wields a +0 shortbow.
The centaur warrior shoots an arrow.
The arrow hits you!! The rime drake completely misses you.
The rime drake breathes ice at you. The flash freeze hits you!
* * * LOW HITPOINT WARNING * * *
You are encased in ice.
A troll comes into view.
The centaur warrior shoots an arrow.
The arrow completely misses you.
You hear an angry buzzing noise.
As you read the scroll of teleportation, it crumbles to dust.
You feel strangely unstable.
The troll shouts!
The centaur warrior shoots an arrow.
The arrow hits you!!
* * * LOW HITPOINT WARNING * * *
The rime drake misses you.
Unknown command.
You feel much better.
The centaur warrior shoots an arrow.
The arrow hits you!!
* * * LOW HITPOINT WARNING * * *
The rime drake misses you.
The centaur warrior shoots an arrow.
The arrow hits you!
You die...

#:. #.........#..#
..# #.#######.#..#
##.# #(...[#.#..#
#.#.# ##
##...##.#..# #.#.#
#.# #)...)#.#..#
#.#T#.# ##...##.#..#
#.#c### #(...(#.#..#
#.#.k#.###'###O#..#
#.##@.#.........#..#
#+ ########'#####..#
#.........#..#
#.####..#.#..#
#.........#..#
###..######..#
#.........#..#
######..###..#
#....รท(...#..#


You could see a centaur warrior, a troll and a rime drake.

Vanquished Creatures
  Harold (D:7)
  A two-headed ogre (D:9)
  Maggie (D:7)
  Grinder (D:6)
  Sigmund (D:4)
  3 wyverns
  3 steam dragons
  An acid dragon (D:7)
  4 water moccasins
  2 ice beasts (D:7)
  2 necrophages
  2 orc warriors (D:7)
  A sky beast (D:7)
  2 ogres
  3 black bears
  7 centaurs
  2 phantoms
  3 kobold brigands
  4 bullfrogs
  2 scorpions
  A wyvern zombie (D:7)
  A water moccasin skeleton (D:4)
  A killer bee (D:9)
  A wight (D:7)
  A hound (D:7)
  An orc priest (D:3)
  A jelly (D:6)
  Jessica (D:2)
  3 iguanas
  2 orc wizards
  3 killer bee zombies
  A hound skeleton (D:5)
  5 gnolls
  2 howler monkey zombies
  A howler monkey skeleton (D:7)
  5 adders
  A shadow imp (D:7)
  5 white imps
  An adder skeleton (D:4)
  A worm (D:4)
  2 dart slugs
  12 orcs
  5 endoplasms
  4 giant cockroaches
  7 goblins
  10 hobgoblins
  13 jackals
  15 kobolds
  3 quokkas
  7 ball pythons
  8 bats
  4 frilled lizards
  4 rats
178 creatures vanquished.

Notes
Turn   | Place    | Note
-------+----------+-------------------------------------------
     0 | D:1      | pkoi the Draconian Monk began the quest for the Orb.
     0 | D:1      | Reached XP level 1. HP: 19/19 MP: 1/1
   346 | D:1      | Reached XP level 2. HP: 25/26 MP: 2/2
   753 | D:1      | Reached skill level 4 in Unarmed Combat
  1049 | D:2      | Reached XP level 3. HP: 30/31 MP: 3/3
  1393 | D:2      | Found a faded altar of an unknown god.
  1398 | D:2      | Noticed Jessica
  1403 | D:2      | Killed Jessica
  1404 | D:2      | Reached skill level 5 in Unarmed Combat
  1404 | D:2      | Reached XP level 4. HP: 37/38 MP: 4/4
  2512 | D:3      | Reached XP level 5. HP: 26/45 MP: 5/5
  2808 | D:4      | Reached skill level 6 in Unarmed Combat
  2946 | D:4      | Noticed a phantom
  2957 | D:4      | Killed a phantom
  3147 | D:3      | Reached XP level 6. HP: 48/51 MP: 6/6
  3285 | D:4      | Found a staircase to the Ecumenical Temple.
  3291 | Temple   | Entered the Ecumenical Temple
  3362 | Temple   | Became a worshipper of the Shining One
  3362 | Temple   | Reached * piety under the Shining One
  3362 | Temple   | Reached ** piety under the Shining One
  3620 | D:4      | Found an opulent altar of Gozag.
  3772 | D:4      | Noticed Sigmund
  3795 | D:5      | Entered Level 5 of the Dungeon
  3801 | D:5      | Reached skill level 7 in Unarmed Combat
  4000 | D:5      | You fall into a shaft and drop 3 floors!
  4039 | D:8      | Your scales start taking on a rich purple colour.
  4039 | D:8      | Reached XP level 7. HP: 53/57 MP: 7/7
  4078 | D:8      | Noticed a steam dragon
  4095 | D:8      | Reached skill level 8 in Unarmed Combat
  4103 | D:8      | Killed a steam dragon
  4294 | D:8      | Noticed a wyvern
  4301 | D:8      | Killed a wyvern
  4545 | D:8      | Noticed a steam dragon
  4566 | D:7      | Noticed Harold
  4620 | D:6      | Noticed Grinder
  4633 | D:6      | Reached skill level 9 in Unarmed Combat
  4633 | D:6      | Reached XP level 8. HP: 41/63 MP: 8/8
  4635 | D:6      | Paralysed by Grinder for 6 turns
  4643 | D:6      | Killed Grinder
  4644 | D:6      | Reached skill level 5 in Dodging
  5230 | D:5      | Reached skill level 10 in Unarmed Combat
  5300 | D:5      | Found a bloodstained altar of Trog.
  5969 | D:4      | Killed Sigmund
  6185 | D:6      | Reached *** piety under the Shining One
  6426 | D:6      | Reached XP level 9. HP: 65/70 MP: 9/9
  6730 | D:6      | Identified the +8 hunting sling of Eternity {freeze, rCorr
                  | Str+8 Int+4}
  7138 | D:7      | Identified the ring of Spite {Ice Dex+3 Stlth+}
  7177 | D:7      | Noticed Maggie
  7193 | D:7      | Killed Maggie
  7194 | D:7      | Reached skill level 11 in Unarmed Combat
  7432 | D:7      | Killed Harold
  7435 | D:7      | Reached skill level 12 in Unarmed Combat
  7806 | D:7      | Found a stormy altar of Qazlal.
  7832 | D:7      | Identified the +6 flail of Subjectivity {venom, Will+ Str+3
                  | Dex+3}
  7990 | D:7      | Reached XP level 10. HP: 69/77 MP: 10/10
  8201 | D:7      | Learned a level 1 spell: Apportation
  8204 | D:7      | Learned a level 2 spell: Blink
  8486 | D:7      | Reached skill level 1 in Spellcasting
  9109 | D:7      | Found a burning altar of Makhleb.
  9205 | D:8      | Found an ornate altar of the Wu Jian Council.
 10198 | D:9      | Found Ojaahod's Gadget Gallery.
 10306 | D:9      | Learned a level 4 spell: Airstrike
 10325 | D:9      | Noticed an orc knight
 10467 | D:9      | Noticed a two-headed ogre
 10483 | D:9      | Killed a two-headed ogre
 10484 | D:9      | Reached skill level 13 in Unarmed Combat
 10484 | D:9      | Reached skill level 1 in Translocations
 10484 | D:9      | Reached skill level 1 in Air Magic
 10614 | D:9      | Reached **** piety under the Shining One
 10623 | D:9      | Noticed a two-headed ogre
 10930 | D:9      | Noticed a cyclops
 10933 | D:9      | Noticed a centaur warrior
 10936 | D:9      | Shot with an arrow by a centaur warrior

Illustrated notes

Levels and vault maps discovered:
D:1:      dpeg_arrival_three_smaller_balls, layout_basic, minivault_11,
          minmay_hexomino_f4
D:2:      layout_rooms, hellmonk_ecumenical_altar_zigzags, cheibrodos_gnoll_hut,
          uniq_jessica
D:3:      layout_rooms
D:4:      layout_loops_cross, kennysheep_mini_moat, temple_fountains,
          grunt_decor_arrowhead, uniq_sigmund
D:5:      layout_loops_ring, nicolae_overflow_hidden_temple,
          small_statue_intersection, chequers_serial_rivers_small_a
D:6:      layout_basic, uniq_grinder
D:7:      layout_basic, kennysheep_mini, lightli_temple_of_fire,
          nzn_random_ring, uniq_maggie, uniq_harold
D:8:      layout_layer_cave, nzn_wu_jian_council_hall, st_stairs_9
D:9:      minmay_the_grid_3x3 [minmay_the_grid_broken_lines,
          minmay_the_grid_armoury, minmay_the_grid_doors,
          minmay_the_grid_expand, minmay_the_grid_minigrid_small_alt,
          minmay_the_grid_outer_diamond, minmay_the_grid_tree,
          minmay_the_grid_minigrid_medium,
          minmay_the_grid_prize_four_corners_diamond_b], layout_basic,
          mainiacjoe_overflow_catch_the_wave, erik_orc_1, nicolae_shop_gadgets
Temple:   eino_temple_lava

Skill      XL: |  1  2  3  4  5  6  7  8  9 10 |
---------------+-------------------------------+-----
Unarmed Combat | 4 5 6 7 9 10 12 13 | 13.0
Dodging        | 3 4 5 7 |  7.9
Spellcasting   | 2 |  2.4
Fighting       | 4 |  4.2
Translocations | 2 |  2.1
Air Magic      | 2 |  2.1
Stealth        | |  1.7
Evocations     | |  0.8

Action                   |  1- 3 |  4- 6 |  7- 9 | 10-12 || total
-------------------------+-------+-------+-------+-------++-------
Melee: Unarmed           |   115 |   178 |   162 |   114 ||   569
       Tailslap          |    10 |    15 |    27 |    19 ||    71
       Punch             |     1 |     2 |     6 |     8 ||    17
       Flail             |       |       |    17 |    14 ||    31
 Fire: Hunting sling     |       |       |    13 |     5 ||    18
 Abil: Breathe Dispellin |       |       |     3 |     2 ||     5
  Use: Scroll            |       |     9 |     2 |     2 ||    13
       Potion            |       |     3 |     8 |     1 ||    12
 Stab: Sleeping          |     4 |     1 |       |       ||     5
Armor: Skin              |    26 |    53 |    42 |    28 ||   149
Dodge: Dodged            |    59 |    92 |   123 |   150 ||   424
